 Dungeon Crawl Stone Soup version 0.18-a0-1497-g788d838 (webtiles) character file.

177782 Tomstefer the Shatterer (level 17, 0/166 HPs)
             Began as a Minotaur Berserker on Mar 4, 2016.
             Was an Elder of Trog.
             Slain by a sea snake (4 damage)
             ... on level 4 of the Shoals.
             The game lasted 01:43:33 (39503 turns).

Tomstefer the Shatterer (Minotaur Berserker)       Turns: 39503, Time: 01:43:35

Health: 0/166      AC: 30    Str: 23    XL:     17   Next: 55%
Magic:  16/16      EV:  9    Int:  4    God:    Trog [****..]
Gold:   3419       SH: 12    Dex: 16    Spells: 0 memorised, 16 levels left

rFire  . . .     SeeInvis .     F - +8 morningstar (holy)
rCold  + . .     Gourm    .     Z - +3 chain mail {rC+}
rNeg   . . .     Faith    .     Y - +0 shield {reflect}
rPois  .         Spirit   .     g - +1 hat
rElec  .         Dismiss  .     f - +0 cloak
rCorr  .         Reflect  +     h - +1 pair of gloves
SustAt .         Harm     .     I - +1 pair of boots
MR     ++++.                    (no amulet)
Stlth  ..........               s - +5 ring of protection
                                x - ring of protection from magic

@: exhausted, mesmerised, very slightly contaminated, regenerating, slowed,
invisible, very slow, incredibly resistant to hostile enchantments, extremely
unstealthy
A: retaliatory headbutt, horns 2
a: Berserk, Trog's Hand, Brothers in Arms, Burn Spellbooks, Renounce Religion


You were on level 4 of the Shoals.
You worshipped Trog.
Trog was greatly pleased with you.
You were not hungry.

You visited 4 branches of the dungeon, and saw 29 of its levels.
You also visited: Labyrinth and Bailey.

You collected 3419 gold pieces.

Inventory:

Hand Weapons
 y - a +3 antimagic great mace
 F - a +8 morningstar of holy wrath (weapon)
Missiles
 d - 6 poisoned javelins
 H - 29 tomahawks of returning (quivered)
Armour
 f - a +0 cloak (worn)
 g - a +1 hat (worn)
 h - a +1 pair of gloves (worn)
 I - a +1 pair of boots (worn)
 Y - a +0 shield of reflection (worn)
 Z - a +3 chain mail of cold resistance (worn)
Rods
 k - a +2 iron rod (12/12)
   (You found it on level 8 of the Dungeon)
Jewellery
 s - a +5 ring of protection (right hand)
 x - a ring of protection from magic (left hand)
 L - an uncursed ring of protection from cold
 V - an uncursed ring of see invisible
Wands
 a - a wand of flame (24/48)
 n - a wand of iceblast (9/15)
 p - a wand of lightning (8/15)
 N - a wand of iceblast (8/15)
 O - a wand of iceblast (7/15)
 T - a wand of lightning (9/15)
 U - a wand of disintegration (13/24)
Scrolls
 e - 2 scrolls of enchant armour
 i - 11 scrolls of teleportation
 l - 10 scrolls of remove curse
 o - 6 scrolls of magic mapping
 t - 5 scrolls of blinking
 v - 4 scrolls of recharging
 A - 3 scrolls of fog
 B - a scroll of brand weapon
 C - 3 scrolls of immolation
 D - a scroll of identify
 E - 3 scrolls of fear
 Q - 2 scrolls of silence
 X - 4 scrolls of enchant weapon
Potions
 m - 8 potions of curing
 r - 3 potions of haste
 u - a potion of brilliance
 w - 3 potions of flight
 z - 2 potions of agility
 G - 3 potions of resistance
 K - a potion of cure mutation
 P - a potion of invisibility
Miscellaneous
 J - a lamp of fire
 M - a phantom mirror
Comestibles
 b - 17 meat rations
 c - 2 bread rations
 j - 14 slices of pizza
 q - 16 fruits
 R - 4 beef jerkies
 S - 3 royal jellies


   Skills:
 + Level 18.3 Fighting
 - Level 23.9 Maces & Flails
 + Level 17.2 Armour
 - Level 2.1 Dodging
 * Level 9.7 Shields


You had 16 spell levels left.
You didn't know any spells.

Dungeon Overview and Level Annotations

Branches:
Dungeon (15/15)            Temple (0/1) D:6            Lair (8/8) D:11
 Shoals (4/4) Lair:5        Snake (0/4) Lair:3        Slime (0/6) Lair:6
    Orc (2/2) D:9             Elf (0/3) Orc:2        Vaults (0/5) D:14
 Depths (0/5) D:15

Altars:
Cheibriados
Dithmenos
Elyvilon
Fedhas
Gozag
Okawaru
Pakellas
Ru
Vehumet
Yredelemnul
Beogh
Jiyva

Shops:
D:5 !   D:11 ?}%   Orc:1 *   Orc:2 :[:(

Annotations:
D:13 exclusion: obsidian statue


Innate Abilities, Weirdness & Mutations

You reflexively headbutt those who attack you in melee.
You have a pair of horns on your head.


Message History

The pull of its song draws you forwards.
The merfolk javelineer throws a javelin of returning.
The javelin of returning misses the merfolk avatar.
The sea snake bites you but does no damage.
Your skin crawls.
You feel resistant to hostile enchantments.
You feel slightly more hungry.
The pull of its song draws you forwards. x2
The merfolk javelineer throws a javelin of returning.
The sea snake closely misses you.
The merfolk javelineer throws a javelin of returning.
The javelin of returning hits the sea snake!!
You hear a splash.
The merfolk avatar chants its luring song.
The sea snake bites you!
* * * LOW HITPOINT WARNING * * *
The merfolk javelineer throws a javelin of returning.
The weapon returns to the merfolk javelineer!
The sea snake bites you.
You die...

≈≈≈≈≈≈≈≈≈≈...#.≈≈≈≈....
≈≈≈≈≈≈≈≈.≈...#.≈≈≈≈≈..≈
≈≈≈≈≈$≈...≈≈...≈≈≈≈≈≈≈≈≈
≈≈#≈#≈..(.≈≈≈≈≈≈≈≈≈≈≈≈≈≈
≈#≈≈≈#≈..)((≈≈≈....≈≈≈≈≈
#≈≈≈≈≈#..≈)≈≈≈.###.≈≈≈≈≈
≈≈≈≈≈≈≈..m≈(≈(†# #..≈≈≈.
#≈≈≈≈≈#.m≈≈(≈≈.# #..%≈≈.
#≈≈≈#≈@S(≈≈≈≈.# #......
≈#≈#≈.≈≈≈≈≈≈≈.# ###....
≈≈≈≈≈≈≈≈≈≈≈≈≈## ##...
≈≈≈≈(≈≈≈≈≈≈≈≈≈.# #...
≈≈≈≈≈≈≈≈≈≈≈≈≈≈..#######.
≈≈≈≈≈≈≈≈≈≈≈≈≈≈≈≈...# ##
≈≈≈≈≈≈≈≈≈≈≈≈≈≈≈≈≈≈.#
≈≈≈≈≈≈≈≈≈≈≈≈≈≈≈≈≈≈.### #
≈≈≈≈≈≈≈≈≈≈≈≈≈≈≈....###


You could see a merfolk avatar, a merfolk javelineer and a sea snake.

Vanquished Creatures
  Gastronok (Lair:1)
  Polyphemus (Shoals:3)
  Ilsuiw (Shoals:4)
  2 orc warlords (Orc:2)
  2 merfolk javelineers
  A fire dragon (D:15)
  5 merfolk impalers
  A minotaur (Lab)
  2 mummy priests (D:14)
  7 hydras
  A merfolk aquamancer (Shoals:1)
  5 catoblepae
  3 merfolk avatars
  2 ogre magi (D:15)
  6 alligator snapping turtles
  2 centaur warriors
  16 death yaks
  The ghost of Azzok the Carver, a novice MiFi of Okawaru (Lair:1)
  A tengu warrior (D:15)
  A queen ant (Lair:8)
  3 orc high priests (Orc:2)
  Sonja (D:15)
  Urug (Lair:4)
  A skeletal warrior (D:14)
  8 sea snakes
  2 hill giants (D:14)
  2 unseen horrors
  Pikel (D:8)
  6 orc knights
  3 orc sorcerers (Orc:2)
  7 fauns
  A necromancer (D:15)
  12 griffons
  9 cyclopes
  16 ugly things
  2 wolf spiders (Lair:3)
  8 harpies
  A deep elf mage (D:15)
  A wolf spider zombie (D:15)
  8 manticores
  9 centaur zombies
  2 water nymphs (Shoals:1)
  24 elephants
  9 black mambas
  A naga mage (D:15)
  5 sirens
  2 gargoyles
  14 spiny frogs
  6 rime drakes
  A yaktaur (D:15)
  A freezing wraith (D:8)
  6 kobold demonologists
  10 komodo dragons
  A tengu conjurer (D:15)
  22 merfolk
  12 trolls
  3 guardian mummies (D:14)
  2 harpy skeletons
  8 polar bears
  4 two-headed ogres
  Grinder (D:5)
  17 blink frogs
  A boulder beetle (Lair:6)
  7 snapping turtles
  A hornet zombie (D:15)
  A centaur simulacrum (D:15)
  4 slime creatures (D:12)
  9 water elementals
  4 wyverns
  3 shadows
  A vampire (D:15)
  A wraith (D:8)
  Sigmund (D:4)
  Eustachio (D:4)
  8 humans
  9 hungry ghosts
  14 hippogriffs
  51 yaks
  6 basilisks
  A human (shapeshifter) (D:15)
  4 vampire mosquitoes
  Menkaure (D:14)
  Edmund (D:4)
  5 wargs
  16 water moccasins
  20 soldier ants
  8 porcupines
  A slave (D:8)
  41 orc warriors
  4 sky beasts
  Duvessa (D:5)
  4 ice beasts
  20 ogres
  2 black bears
  3 wasps
  11 centaurs
  6 phantoms
  26 crocodiles
  5 big kobolds
  17 giant frogs
  A gnoll sergeant (D:7)
  Blork the orc (D:5)
  A wyvern zombie (D:8)
  Dowan (D:5)
  8 scorpions
  A wyvern skeleton (D:7)
  A water moccasin zombie (D:10)
  23 killer bees
  12 wights
  9 howler monkeys
  2 electric eels (Lair:7)
  8 crimson imps
  2 giant frog zombies
  Crazy Yiuf (D:5)
  26 orc priests
  6 centaur skeletons
  11 hounds
  8 jellies
  A giant frog skeleton (D:11)
  19 orc wizards
  7 iguanas
  31 worker ants
  A killer bee zombie (D:10)
  6 sheep
  A hound skeleton (D:6)
  4 mummies (D:14)
  2 worker ant zombies (D:10)
  Robin (D:3)
  9 gnolls
  15 adders
  100 river rats
  5 shadow imps
  An ooze (Lair:6)
  2 adder zombies (D:9)
  3 adder skeletons
  5 worms
  4 giant geckos
  113 orcs
  4 bats
  5 giant cockroaches
  20 hobgoblins
  3 jackals (D:2)
  27 kobolds
  5 quokkas
  9 giant newts
  11 goblins
  2 jackal skeletons
  A quokka zombie (D:6)
  41 rats
  2 plants
1215 creatures vanquished.

Vanquished Creatures (collateral kills)
  Donald (D:14)
  An orc warlord (Orc:2)
  3 merfolk impalers (Shoals:3)
  A merfolk avatar (Shoals:3)
  A merfolk aquamancer (Shoals:3)
  A centaur warrior (D:13)
  A catoblepas (Lair:8)
  8 death yaks
  An orc high priest (Orc:2)
  A sea snake (Shoals:3)
  2 orc sorcerers
  4 manticores
  A deep elf mage (D:15)
  A water nymph (Shoals:3)
  A naga mage (D:15)
  3 rime drakes (Lair:6)
  12 merfolk (Shoals:3)
  A two-headed ogre (D:15)
  A snapping turtle (Shoals:3)
  9 humans (D:14)
  3 hippogriffs (Lair:6)
  A basilisk (Lair:6)
  3 wyverns (Lair:6)
  2 soldier ants (Lair:8)
  A hell hound (Lair:6)
  3 orc warriors (Orc:2)
  2 ogres (D:15)
  A necrophage (D:14)
  2 big kobolds
  A giant frog (D:14)
  A jelly (D:15)
  An orc wizard (Orc:2)
  6 orc priests (Orc:2)
  A worker ant (Lair:8)
  A shadow imp (D:15)
  9 orcs (Orc:2)
  4 kobolds (D:14)
  A plant (Lair:6)
97 creatures vanquished.

Vanquished Creatures (others)
  A merfolk javelineer (Shoals:4)
  An elephant (Lair:6)
  A slave (D:8)
  2 ogres
  A giant frog (D:8)
  2 killer bees (D:8)
  A sheep (Shoals:2)
  A worker ant zombie (D:9)
  2 orcs (D:15)
  A quokka (D:5)
  8 fungi
  7 plants
28 creatures vanquished.

Grand Total: 1340 creatures vanquished

Notes
Turn   | Place    | Note
--------------------------------------------------------------
     0 | D:1      | Tomstefer the Minotaur Berserker began the quest for the Orb.
     0 | D:1      | Reached XP level 1. HP: 19/19 MP: 0/0
   126 | D:1      | Reached skill level 4 in Maces & Flails
   323 | D:1      | Reached XP level 2. HP: 22/27 MP: 1/1
   854 | D:2      | Reached ** piety under Trog
   875 | D:2      | Reached XP level 3. HP: 28/33 MP: 2/2
   888 | D:2      | Reached skill level 5 in Maces & Flails
  1328 | D:2      | Reached XP level 4. HP: 38/41 MP: 3/3
  1346 | D:2      | Reached *** piety under Trog
  1939 | D:3      | Noticed Robin
  1945 | D:3      | Killed Robin
  1949 | D:3      | Reached skill level 6 in Maces & Flails
  2193 | D:3      | Found an opulent altar of Gozag.
  2361 | D:3      | Found a snail-covered altar of Cheibriados.
  2546 | D:4      | Reached XP level 5. HP: 45/47 MP: 4/4
  2548 | D:4      | Reached skill level 5 in Fighting
  2552 | D:4      | Reached **** piety under Trog
  2618 | D:4      | Reached skill level 7 in Maces & Flails
  2626 | D:4      | Reached XP level 6. HP: 37/56 MP: 5/5
  2657 | D:4      | Received a gift from Trog
  2923 | D:4      | Noticed Eustachio
  3009 | D:4      | Killed Eustachio
  3009 | D:4      | Reached skill level 8 in Maces & Flails
  3009 | D:4      | Reached XP level 7. HP: 45/63 MP: 6/6
  3254 | D:4      | Found a shadowy altar of Dithmenos.
  3615 | D:4      | Reached skill level 9 in Maces & Flails
  3623 | D:4      | Noticed Sigmund
  3633 | D:4      | Killed Sigmund
  3773 | D:4      | Noticed Edmund
  3787 | D:4      | Killed Edmund
  3787 | D:4      | Reached skill level 10 in Maces & Flails
  3787 | D:4      | Reached XP level 8. HP: 48/73 MP: 7/7
  4224 | D:5      | Entered Level 5 of the Dungeon
  4244 | D:5      | Noticed Blork the orc
  4251 | D:5      | Killed Blork the orc
  4263 | D:5      | Received a gift from Trog
  4268 | D:5      | Noticed Dowan
  4271 | D:5      | Noticed Duvessa
  4283 | D:5      | Killed Duvessa
  4301 | D:5      | Killed Dowan
  4301 | D:5      | Reached skill level 11 in Maces & Flails
  4448 | D:5      | Found a blossoming altar of Fedhas.
  4469 | D:5      | Noticed Grinder
  4489 | D:5      | Killed Grinder
  4590 | D:5      | Found a white marble altar of Elyvilon.
  4641 | D:5      | Reached XP level 9. HP: 78/82 MP: 8/8
  4673 | D:5      | Found Nosavo's Distillery.
  4708 | D:5      | Reached skill level 12 in Maces & Flails
  4779 | D:5      | Noticed Crazy Yiuf
  4784 | D:5      | Killed Crazy Yiuf
  5059 | D:6      | Found an oddly glowing altar of Pakellas.
  5524 | D:6      | Found a staircase to the Ecumenical Temple.
  5740 | D:7      | Reached skill level 13 in Maces & Flails
  5760 | D:7      | Reached ***** piety under Trog
  6354 | D:7      | Found a basalt altar of Yredelemnul.
  6588 | D:8      | Noticed Pikel
  6606 | D:8      | Killed Pikel
  6606 | D:8      | Reached skill level 10 in Fighting
  6606 | D:8      | Reached skill level 5 in Armour
  6606 | D:8      | Reached XP level 10. HP: 29/93 MP: 9/9
  6867 | D:8      | Gained mutation: Your spells are a little harder to cast, but a little more powerful. [potion of beneficial mutation]
  6920 | D:8      | Reached skill level 14 in Maces & Flails
  6926 | D:8      | Found a radiant altar of Vehumet.
  6980 | D:8      | Received a gift from Trog
  7005 | D:8      | Noticed a centaur warrior
  7016 | D:8      | Killed a centaur warrior
  8253 | D:8      | Reached skill level 15 in Maces & Flails
  8425 | D:9      | Noticed a cyclops
  8434 | D:9      | Killed a cyclops
  8621 | D:9      | Found an iron altar of Okawaru.
  8660 | D:9      | Found a staircase to the Orcish Mines.
  9059 | D:9      | Reached XP level 11. HP: 79/102 MP: 10/10
  9163 | D:10     | Entered Level 10 of the Dungeon
 10111 | D:11     | Received a gift from Trog
 10186 | D:11     | Found a flagged portal.
 10198 | D:11     | Reached skill level 16 in Maces & Flails
 10232 | Bailey   | Entered a bailey
 10795 | D:11     | Found Diehi's Food Shoppe.
 10852 | D:11     | Found Jonoenk's Gadget Boutique.
 10887 | D:11     | Found Ziphan Peegi's Magic Scroll Emporium.
 10927 | D:11     | Found a staircase to the Lair.
 10986 | D:11     | Noticed a five-headed hydra
 10994 | D:11     | Killed a five-headed hydra
 11612 | Lair:1   | Entered Level 1 of the Lair of Beasts
 11675 | Lair:1   | Noticed Gastronok
 11691 | Lair:1   | Killed Gastronok
 11951 | Lair:1   | Reached XP level 12. HP: 101/113 MP: 11/11
 11957 | Lair:1   | Reached skill level 17 in Maces & Flails
 12650 | Lair:1   | Noticed Azzok's ghost (novice MiFi)
 12667 | Lair:1   | Killed Azzok's ghost
 12866 | Lair:2   | Reached skill level 10 in Armour
 13015 | Lair:2   | Reached ****** piety under Trog
 13021 | Lair:2   | Received a gift from Trog
 13517 | Lair:2   | Found a sacrificial altar of Ru.
 14086 | Lair:2   | Noticed an eight-headed hydra
 14097 | Lair:2   | Killed an eight-headed hydra
 14097 | Lair:2   | Reached skill level 18 in Maces & Flails
 15202 | Lair:3   | Received a gift from Trog
 15320 | Lair:3   | Found a staircase to the Snake Pit.
 15353 | Lair:3   | Reached XP level 13. HP: 109/122 MP: 4/12
 15992 | Lair:4   | Reached skill level 19 in Maces & Flails
 16124 | Lair:4   | Noticed Urug
 16151 | Lair:4   | Killed Urug
 17129 | Lair:5   | Found a basalt altar of Yredelemnul.
 17148 | Lair:5   | Found a staircase to the Shoals.
 17345 | Lair:5   | Received a gift from Trog
 17834 | Lair:5   | Identified a +0 rod of inaccuracy (13/13) (You found it on level 5 of the Lair of Beasts)
 18003 | Lair:5   | You fall through a shaft!
 18093 | Lair:6   | Reached skill level 20 in Maces & Flails
 18349 | Lair:6   | Reached XP level 14. HP: 97/133 MP: 4/13
 18692 | Lair:6   | Received a gift from Trog
 18822 | Lair:6   | Found a runed door.
 18826 | Lair:6   | Found a viscous altar of Jiyva.
 18826 | Lair:6   | Found a staircase to the Slime Pits.
 19691 | Lair:7   | Reached skill level 15 in Fighting
 20761 | Lair:7   | Lost mutation: Your spells are a little harder to cast, but a little more powerful. [potion of cure mutation]
 20941 | Lair:8   | Entered Level 8 of the Lair of Beasts
 20957 | Lair:8   | Received a gift from Trog
 21409 | Lair:8   | Reached skill level 21 in Maces & Flails
 21779 | Lair:8   | Received a gift from Trog
 22690 | Lair:8   | Reached XP level 15. HP: 132/143 MP: 14/14
 23602 | Orc:1    | Entered Level 1 of the Orcish Mines
 23626 | Orc:1    | You fall through a shaft!
 23626 | Orc:2    | Entered Level 2 of the Orcish Mines
 23642 | Orc:2    | Got a wizard robe
 23653 | Orc:2    | Identified the +1 robe "Bigyur" {-Tele rCorr Str+8 SInv} (You found it on level 2 of the Orcish Mines)
 24042 | Orc:2    | Found a staircase to the Elven Halls.
 24335 | Orc:2    | Noticed an orc warlord
 24345 | Orc:2    | Killed an orc warlord
 24467 | Orc:2    | Reached skill level 22 in Maces & Flails
 24495 | Orc:2    | Found a roughly hewn altar of Beogh.
 24787 | Orc:2    | Found Wiorr's Weapon Emporium.
 25010 | Orc:2    | Found Kunar's Book Shoppe.
 25384 | Orc:2    | Noticed an orc warlord
 25399 | Orc:2    | Killed an orc warlord
 25494 | Orc:2    | Noticed an orc warlord
 25518 | Orc:2    | Killed an orc warlord
 25526 | Orc:2    | Found a roughly hewn altar of Beogh.
 25567 | Orc:2    | Found Zosev's Book Emporium.
 25638 | Orc:2    | Received a gift from Trog
 25680 | Orc:2    | Reached skill level 15 in Armour
 25743 | Orc:2    | Found Faojy's Armour Boutique.
 26331 | Orc:1    | Found Luef's General Store.
 26480 | Orc:1    | Found a runed door.
 27072 | Orc:1    | Found a roughly hewn altar of Beogh.
 28363 | D:13     | Received a gift from Trog
 29735 | D:14     | Noticed Menkaure
 29738 | D:14     | Killed Menkaure
 29755 | D:14     | Reached XP level 16. HP: 79/152 MP: 15/15
 30279 | D:14     | Noticed Donald
 30290 | D:14     | Killed Donald
 30370 | D:14     | Received a gift from Trog
 30374 | D:14     | Reached skill level 23 in Maces & Flails
 30478 | D:14     | Found a gate to the Vaults.
 30896 | D:14     | Reached skill level 1 in Shields
 31493 | D:15     | Entered Level 15 of the Dungeon
 31517 | D:15     | Found a labyrinth entrance.
 31540 | Lab      | Entered a labyrinth
 32098 | D:15     | Noticed Sonja
 32114 | D:15     | Killed Sonja
 32702 | D:15     | Received a gift from Trog
 32728 | D:15     | Found a staircase to the Depths.
 33249 | Shoals:1 | Entered Level 1 of the Shoals
 34006 | Shoals:1 | Reached skill level 5 in Shields
 35599 | Shoals:2 | Reached XP level 17. HP: 111/161 MP: 16/16
 35842 | Shoals:2 | Found a radiant altar of Vehumet.
 36464 | Shoals:2 | Received a gift from Trog
 36694 | Shoals:3 | Noticed Polyphemus
 36705 | Shoals:3 | Killed Polyphemus
 37472 | Shoals:3 | HP: 8/163 [merfolk/trident (2)]
 39161 | Shoals:4 | Entered Level 4 of the Shoals
 39461 | Shoals:4 | Noticed Ilsuiw
 39480 | Shoals:4 | Killed Ilsuiw
 39499 | Shoals:4 | HP: 2/166 [merfolk javelineer/javelin of returning (13)]
 39503 | Shoals:4 | Slain by a sea snake

Vault maps used:
D:1:      dpeg_arrival_chambers_temple_mockup, serial_forest,
          infiniplex_forest_lined_2, infiniplex_forest_zigzag_1,
          infiniplex_forest_clump_large, infiniplex_forest_end_3,
          serial_bayou_pond_a
D:2:      nicolae_overflow_hidden_temple, grunt_ministairs_2,
          minmay_rats_cheesy_pizza
D:3:      lemuel_round_altar, lemuel_crystal_altar, first_bread, uniq_robin
D:4:      lemuel_crystal_altar, minmay_misc_feat_pillars,
          sigmund_edmund_badplayer, uniq_eustachio
D:5:      fedhas_altar_3, serial_shops, shop_coins, elyvilon_altar_4,
          uniq_crazy_yiuf_cottage, uniq_blork_the_orc, uniq_grinder,
          uniq_duvessa
D:6:      temple_hall, grunt_decor_arrowhead, grunt_pakellas_salt, uniq_sigmund
D:7:      lemuel_crystal_altar
D:8:      hangedman_cross_veins, kennysheep_little_box, uniq_pikel
D:9:      okawaru_gym_becter, orc_0_dummy, minmay_sticks_and_stones
D:10:     grunt_pizzeria
D:11:     lair_0_dummy, enter_bailey_2, serial_shops, shop_statue, shop, shop
D:12:     minmay_misc_feat_five, glass_columns_a
D:13:     stair_cage_cross, st_stairs_3, minmay_statue_bubble
D:14:     ragdoll_tomb_raider, david_vaults_3, serial_bayou,
          serial_bayou_pond_e, serial_bayou_shore_b, serial_bayou_crossing
D:15:     grunt_enter_depths_magical_seal, lab_entry_generic,
          nicolae_two_hexagons, uniq_sonja
Lair:1:   statuecave_lemuel, uniq_gastronok
Lair:2:   basic_altar, grunt_megastairs_1
Lair:3:   minmay_lair_venomous_thicket, guppyfry_snake_entry_garden,
          st_stairs_11
Lair:4:   infiniplex_staircase_pool, uniq_urug
Lair:5:   minmay_shoals_entry_centaurs, basic_altar, beast_lair_carwin_10
Lair:6:   slime_altar_2
Lair:7:   disabler_island
Lair:8:   evilmike_catoblepas_cave, minivault_29
Shoals:2: wheals_shoals_ruined_temple
Shoals:3: uniq_polyphemus
Shoals:4: shoals_end_hangedman, shoal_ilsuiw, serial_shops, nicolae_shop_crystal
Orc:1:    serial_shops, shop, lightli_church_of_beogh
Orc:2:    pubby_orc_utopia
Lab:      labyrinth_spiral, nicolae_lab_blocks, lab_block, nicolae_lab_swirl,
          nicolae_lab_big_swirl, nicolae_lab_stuck, labyrinth_skeletal_remains,
          nicolae_lab_plus
Bailey:   bailey_axe_4, bailey

Skill      XL: |  1  2  3  4  5  6  7  8  9 10 11 12 13 14 15 16 17 |
---------------+----------------------------------------------------+-----
Maces & Flails | 4 5 6 7 8 10 11 13 15 16 18 20 21 22 23 | 23.9
Fighting       | 4 5 6 7 8 10 11 12 13 14 15 16 17 18 | 18.3
Armour         | 5 7 9 11 12 14 15 16 17 | 17.2
Shields        | 5 9 |  9.7
Dodging        | |  2.1

Action                   |  1- 3 |  4- 6 |  7- 9 | 10-12 | 13-15 | 16-18 || total
-------------------------+-------+-------+-------+-------+-------+-------++-------
Melee: Mace              |    82 |   142 |    15 |       |       |       ||   239
       Whip              |       |       |   311 |   286 |       |       ||   597
       Flail             |       |       |       |   347 |       |       ||   347
       Great mace        |       |       |       |   169 |   489 |    52 ||   710
       Dire flail        |       |       |       |       |  1237 |       ||  1237
       Morningstar       |       |       |       |       |       |   796 ||   796
Throw: Tomahawk          |       |       |       |    21 |     1 |    31 ||    53
Invok: Berserk           |       |     4 |     4 |     8 |    10 |    12 ||    38
       Trog's Hand       |       |     1 |       |     7 |    16 |    15 ||    39
       Burn Spellbooks   |       |       |       |     1 |     3 |     8 ||    12
       Brothers in Arms  |       |       |       |       |    12 |    11 ||    23
Evoke: Wand              |       |       |       |     4 |       |       ||     4
       Rod               |       |       |       |     2 |       |       ||     2
  Use: Scroll            |       |       |     4 |    21 |     9 |     4 ||    38
       Potion            |       |       |       |     4 |     7 |     9 ||    20
 Stab: Distracted        |       |       |       |       |     1 |       ||     1
       Invisible         |       |       |       |       |       |     1 ||     1
       Petrified         |       |       |       |       |       |     1 ||     1
  Eat: Chunk             |     1 |     9 |    12 |    26 |    38 |    20 ||   106
       Bread ration      |       |       |     1 |     3 |     5 |     9 ||    18
